[Event "Titled Tuesday Blitz January 10 Early 2023"]
[White "Silvestre, Christian"]
[Black "Kiseleva, Arina"]
[WhiteFideId "30956269"]
[BlackFideId "4164989"]
[WhiteElo "1942"]
[BlackElo "1962"]
[Result "1-0"]
[Round "06"]
[TimeControl "180+2"]
[Date "2023.01.10"]
[WhiteClock "0:00:13"]
[BlackClock "0:00:01"]

1. e4 c6 2. c4 d5 3. exd5 cxd5 4. d4 Nf6 5. Nc3 e6 6. c5 Ne4 7. Nxe4 dxe4 8. Bb5+ Bd7 9. a4 a6 10. Bxd7+ Qxd7 11. Ne2 Nc6 12. Be3 f5 13. O-O Be7 14. Nf4 Bf6 15. d5 exd5 16. Nxd5 Bxb2 17. Rb1 Be5 18. Qb3 Rd8 19. Rfd1 Qf7 20. Qxb7 Qxb7 21. Rxb7 O-O 22. Bg5 Rb8 23. Rb6 Rxb6 24. cxb6 h6 25. Bf4 Bxf4 26. Nxf4 g5 27. Nd5 Kf7 28. Rc1 Nd4 29. Rc7+ Ke6 30. Nb4 Rb8 31. a5 Nb5 32. Rh7 Rd8 33. h4 g4 34. Kh2 f4 35. Rxh6+ Ke5 36. Rh5+ Kd4 37. Nc6+ Kd3 38. Nxd8 Nd6 39. Rd5+ Kc4 40. Rxd6 Kb5 41. Ne6 1-0


[Site "https://www.chess.com"]

[Event "Titled Tuesday Blitz January 10 Early 2023"]
[White "Stead, Kerry"]
[Black "Fernandez, Michael"]
[WhiteFideId "3202577"]
[BlackFideId "5803560"]
[WhiteElo "1908"]
[BlackElo "2181"]
[Result "0-1"]
[Round "06"]
[TimeControl "180+2"]
[Date "2023.01.10"]
[WhiteClock "0:00:07"]
[BlackClock "0:01:03"]

1. d4 d5 2. e4 dxe4 3. Nc3 Nf6 4. f3 exf3 5. Nxf3 Bf5 6. Bc4 e6 7. O-O Bg6 8. Bg5 Be7 9. Ne5 O-O 10. Nxg6 hxg6 11. Rf3 Nc6 12. Ne2 Nd5 13. Bxe7 Ncxe7 14. c3 Rc8 15. Qd2 c5 16. dxc5 Rxc5 17. Bd3 Nc6 18. Nf4 Nxf4 19. Rxf4 Rd5 20. Rf3 Ne5 21. c4 Nxf3+ 22. gxf3 Rxd3 23. Qf2 Qd4 24. b3 Qxa1+ 0-1


[Site "https://www.chess.com"]

[Event "Titled Tuesday Blitz January 10 Early 2023"]
[White "Pak, Yevgeniy"]
[Black "Kaiyrbekov, Rustam"]
[WhiteFideId "14201712"]
[BlackFideId "13702424"]
[WhiteElo "2384"]
[BlackElo "2295"]
[Result "1-0"]
[Round "06"]
[TimeControl "180+2"]
[Date "2023.01.10"]
[WhiteClock "0:00:17"]
[BlackClock "0:00:02"]

1. e4 c5 2. Nc3 Nc6 3. g3 e6 4. Bg2 Nge7 5. f4 d5 6. d3 g6 7. b3 Bg7 8. Bb2 Qa5 9. Qd2 d4 10. Nb1 Qxd2+ 11. Nxd2 b5 12. a4 Nb4 13. Kd1 Bd7 14. axb5 Bxb5 15. Ra5 a6 16. e5 Rc8 17. Ne4 Ned5 18. Nd6+ Kd7 19. Nxc8 Rxc8 20. Ne2 Ne3+ 21. Kd2 Nxg2 22. h3 Ne3 23. Rc1 Bf8 24. g4 Be7 25. Ng3 Bd8 26. Raa1 a5 27. Ne4 f5 28. gxf5 gxf5 29. Nf2 Be7 30. Rxa5 Rg8 31. Rxb5 Ra8 32. Ra1 Rg8 33. Ra7+ Ke8 34. Rb8+ Bd8 35. Raa8 Ke7 36. Rc8 Ned5 37. Rxc5 1-0


[Site "https://www.chess.com"]

[Event "Titled Tuesday Blitz January 10 Early 2023"]
[White "Necula, Iulian"]
[Black "Dilmukhametov, Artur"]
[WhiteFideId "1232380"]
[BlackFideId "24179922"]
[WhiteElo "1851"]
[BlackElo "2276"]
[Result "1-0"]
[Round "06"]
[TimeControl "180+2"]
[Date "2023.01.10"]
[WhiteClock "0:00:38"]
[BlackClock "0:00:56"]

1. d4 Nf6 2. Nc3 g6 3. Bf4 Bg7 4. e4 d6 5. f3 O-O 6. Qd2 Nbd7 7. O-O-O c5 8. Nge2 Qb6 9. Na4 Qa6 10. Nec3 Qa5 11. dxc5 Nxc5 12. Nxc5 Qxc5 13. Be3 Qc7 14. Kb1 Bd7 15. g4 a6 16. h4 b5 17. h5 b4 18. Nd5 Nxd5 19. exd5 Rfb8 20. Bd4 a5 21. Bxg7 Kxg7 22. Qd4+ Kg8 23. hxg6 fxg6 24. Bd3 e5 25. dxe6 Bxe6 26. Qf6 Bf7 27. Rxh7 Bxa2+ 28. Kxa2 Qxh7 29. Bc4+ 1-0


[Site "https://www.chess.com"]

[Event "Titled Tuesday Blitz January 10 Early 2023"]
[White "Selkirk, Rebecca"]
[Black "Kornyukov, Alexey"]
[WhiteFideId "14306514"]
[BlackFideId "4150457"]
[WhiteElo "1656"]
[BlackElo "2452"]
[Result "0-1"]
[Round "06"]
[TimeControl "180+2"]
[Date "2023.01.10"]
[WhiteClock "0:00:04"]
[BlackClock "0:01:00"]

1. e4 c5 2. Nf3 Nc6 3. d4 cxd4 4. Nxd4 e5 5. Nb5 a6 6. N5a3 Nf6 7. Nc3 Bb4 8. Bg5 O-O 9. Bd3 h6 10. Bxf6 Qxf6 11. O-O Bxc3 12. bxc3 d6 13. Nc4 Rd8 14. Nb6 Rb8 15. Rb1 Qg6 16. Nxc8 Rdxc8 17. Qf3 Ne7 18. Be2 Qf6 19. Qd3 Ng6 20. g3 Qg5 21. Qxd6 Nf4 22. Bxa6 Nh3+ 23. Kg2 Nf4+ 24. Kh1 Nh3 25. Bxb7 Rd8 26. Qc5 Rd2 27. Kg2 Nf4+ 28. Kh1 Nh3 29. Qe3 Nxf2+ 30. Qxf2 Rxf2 31. Rxf2 Qe3 32. Rff1 Rxb7 33. Rxb7 Qxe4+ 34. Kg1 Qxb7 0-1


[Site "https://www.chess.com"]

[Event "Titled Tuesday Blitz January 10 Early 2023"]
[White "Muzzi, Eduardo"]
[Black "Ghosh, Chanchal Kumer"]
[WhiteFideId "3001253"]
[BlackFideId "10201858"]
[WhiteElo "1917"]
[BlackElo "2020"]
[Result "0-1"]
[Round "06"]
[TimeControl "180+2"]
[Date "2023.01.10"]
[WhiteClock "0:00:08"]
[BlackClock "0:00:58"]

1. d4 d5 2. Nf3 Bf5 3. Bg5 c5 4. c3 Nc6 5. e3 cxd4 6. exd4 Qc7 7. Nbd2 e6 8. Be2 Be7 9. Bxe7 Ngxe7 10. O-O h6 11. Rc1 O-O 12. Nh4 Bh7 13. f4 Qb6 14. Qb3 Nxd4 15. cxd4 Qxd4+ 16. Kh1 Qxd2 17. Rfe1 Qxf4 18. Nf3 b6 19. Rc7 Nf5 20. Rec1 Nd4 21. Nxd4 Qxd4 22. Bf3 Be4 23. h3 Qe5 24. Qe3 Qxb2 25. Bxe4 dxe4 26. Qxe4 Qxa2 27. Qf3 Rad8 28. Re7 a5 29. Rcc7 Qa1+ 30. Kh2 Qe5+ 31. Kg1 Qf5 32. Qb7 Rd1+ 33. Kh2 Qf4+ 0-1


[Site "https://www.chess.com"]

[Event "Titled Tuesday Blitz January 10 Early 2023"]
[White "Fernandez Guillen, Ernesto J."]
[Black "Dubov, Daniil"]
[WhiteFideId "3512428"]
[BlackFideId "24126055"]
[WhiteElo "2477"]
[BlackElo "2708"]
[Result "0-1"]
[Round "07"]
[TimeControl "180+2"]
[Date "2023.01.10"]
[WhiteClock "0:00:04"]
[BlackClock "0:00:09"]

1. e4 c5 2. Nc3 e6 3. Nf3 Nc6 4. d4 cxd4 5. Nxd4 Nf6 6. Nxc6 bxc6 7. Bd3 d5 8. O-O Be7 9. Qe2 O-O 10. e5 Nd7 11. Re1 Nc5 12. Qg4 Nxd3 13. cxd3 f5 14. Qf3 c5 15. g3 Qd7 16. Ne2 d4 17. Qg2 Bb7 18. f3 g5 19. Qf2 Qd5 20. b3 a5 21. Ba3 a4 22. Rec1 axb3 23. axb3 Ra6 24. Nxd4 Rxa3 25. Rxa3 cxd4 26. Ra7 Ra8 27. Rxa8+ Bxa8 28. Rc4 Kf7 29. Rxd4 Qxe5 30. Rd7 Bc6 31. Ra7 Kf6 32. d4 Qd5 33. Qb2 Bd6 34. h4 Kg6 35. h5+ Kh6 36. Rf7 Qxf3 37. Rf6+ Kg7 38. d5 Qxg3+ 0-1


[Site "https://www.chess.com"]

[Event "Titled Tuesday Blitz January 10 Early 2023"]
[White "Chigaev, Maksim"]
[Black "Nakamura, Hikaru"]
[WhiteFideId "4108116"]
[BlackFideId "2016192"]
[WhiteElo "2628"]
[BlackElo "2775"]
[Result "1/2-1/2"]
[Round "07"]
[TimeControl "180+2"]
[Date "2023.01.10"]
[WhiteClock "0:00:07"]
[BlackClock "0:00:07"]

1. e4 e5 2. Nf3 Nc6 3. Bc4 Nf6 4. d3 Bc5 5. c3 d6 6. Bg5 h6 7. Bh4 a6 8. Nbd2 Ba7 9. a4 Qe7 10. b4 g5 11. Bg3 Nh7 12. O-O h5 13. h4 g4 14. Ne1 Nf8 15. b5 Nd8 16. d4 Ng6 17. Nc2 Nxh4 18. f4 gxf3 19. Bxh4 Qxh4 20. Qxf3 Rh7 21. bxa6 bxa6 22. Rab1 Rg7 23. Rf2 c6 24. a5 Ne6 25. Bxe6 Bxe6 26. Rb7 Qg5 27. Qd3 Bc8 28. Qxa6 Bxd4 29. Qxc6+ Kf8 30. cxd4 Bxb7 31. Qxb7 Qd8 32. a6 Kg8 33. Nc4 f6 34. Qd5+ Kh7 35. Nxd6 Rxa6 36. Nf5 Rd7 37. Qc4 Qb6 38. Kh2 exd4 39. Ncxd4 Qc7+ 40. Qxc7 Rxc7 41. Ng3 Rc4 42. Ndf5 Kg6 43. Nh4+ Kg5 44. Kh3 Ra5 45. Nf3+ Kg6 46. Nd2 Rc3 47. Nf3 Ra4 48. Kh2 Ra5 49. Nf5 Rc4 50. Ne7+ Kf7 51. Nd5 Kg7 52. Nf4 Rxe4 53. Nd2 Rea4 54. Nf1 Re5 55. Ng3 Raa5 56. Nfxh5+ Rxh5+ 57. Nxh5+ Rxh5+ 58. Kg1 Rg5 59. Rf3 Rb5 60. Rf2 Kf7 61. Kh2 Kg7 62. Kg3 Kf7 63. Kh2 Kg6 64. Kg3 Kf7 65. Kh2 1/2-1/2


[Site "https://www.chess.com"]

[Event "Titled Tuesday Blitz January 10 Early 2023"]
[White "Sadhwani, Raunak"]
[Black "Bortnyk, Olexandr"]
[WhiteFideId "35093487"]
[BlackFideId "14120828"]
[WhiteElo "2627"]
[BlackElo "2605"]
[Result "1-0"]
[Round "07"]
[TimeControl "180+2"]
[Date "2023.01.10"]
[WhiteClock "0:00:34"]
[BlackClock "0:00:02"]

1. d4 d6 2. e4 Nf6 3. Nc3 e5 4. Nf3 Nbd7 5. Bc4 Be7 6. O-O c6 7. a4 Qc7 8. Re1 h6 9. a5 Nf8 10. Be3 Ng6 11. h3 O-O 12. d5 cxd5 13. Bxd5 Nxd5 14. Nxd5 Qc6 15. b3 f5 16. exf5 Bxf5 17. c4 Be4 18. Nh2 Bxd5 19. cxd5 Qb5 20. Qg4 Kh7 21. Qc4 a6 22. Rec1 Rfc8 23. Qe4 Qxb3 24. Nf3 Rxc1+ 25. Rxc1 Rf8 26. h4 h5 27. Rb1 Qc3 28. Rxb7 Bf6 29. Rb6 Qxa5 30. Rxd6 Qb5 31. Ng5+ Kg8 32. Qxg6 a5 33. Qh7# 1-0


[Site "https://www.chess.com"]

[Event "Titled Tuesday Blitz January 10 Early 2023"]
[White "Harshavardhan G B"]
[Black "Andreikin, Dmitry"]
[WhiteFideId "25059009"]
[BlackFideId "4158814"]
[WhiteElo "2408"]
[BlackElo "2729"]
[Result "0-1"]
[Round "07"]
[TimeControl "180+2"]
[Date "2023.01.10"]
[WhiteClock "0:00:05"]
[BlackClock "0:00:21"]

1. d4 d5 2. c4 e6 3. Nc3 a6 4. Nf3 dxc4 5. a4 Nf6 6. e4 Bb4 7. e5 Nd5 8. Bd2 b5 9. axb5 Nb6 10. bxa6 Bxa6 11. Be2 O-O 12. O-O Nc6 13. Be3 Ne7 14. Ne4 Nf5 15. Bg5 Qd5 16. Nc3 Bxc3 17. bxc3 Bb7 18. Ne1 Rxa1 19. Qxa1 Ra8 20. Qb2 Qa5 21. Bf3 Bd5 22. g4 h6 23. gxf5 hxg5 24. f6 Qa2 25. Qc1 gxf6 26. exf6 Kh7 27. Kh1 Rg8 28. Qe3 Qb1 29. Bxd5 Nxd5 30. Qh3+ Kg6 31. Nf3 Qe4 32. Re1 Qf5 33. Ne5+ Kxf6 34. Qg3 Nf4 35. Ng4+ Ke7 36. f3 Rb8 37. Nf2 f6 38. Ne4 Rb2 39. h4 Rg2 40. Qxg2 Nxg2 41. Kxg2 gxh4 42. Rh1 Qf4 43. Kf2 f5 44. Nc5 Qd2+ 45. Kg1 Qe1+ 46. Kg2 Qg3+ 47. Kf1 Qxf3+ 48. Kg1 h3 49. Rh2 Qg3+ 0-1


[Site "https://www.chess.com"]

[Event "Titled Tuesday Blitz January 10 Early 2023"]
[White "Duda, Jan-Krzysztof"]
[Black "Kravtsiv, Martyn"]
[WhiteFideId "1170546"]
[BlackFideId "14113147"]
[WhiteElo "2724"]
[BlackElo "2598"]
[Result "1/2-1/2"]
[Round "07"]
[TimeControl "180+2"]
[Date "2023.01.10"]
[WhiteClock "0:00:03"]
[BlackClock "0:00:04"]

1. c4 e6 2. Nc3 d5 3. d4 Nf6 4. cxd5 exd5 5. Bg5 c6 6. e3 Be7 7. Bd3 Nbd7 8. Nge2 Nh5 9. Bxe7 Qxe7 10. g4 Nhf6 11. Ng3 g6 12. g5 Ng8 13. h4 h6 14. h5 hxg5 15. hxg6 Rxh1+ 16. Nxh1 fxg6 17. Bxg6+ Kd8 18. Ng3 Ndf6 19. Qb3 Bg4 20. Kd2 Kc7 21. Qa4 a6 22. Qa5+ b6 23. Qa4 Kb7 24. Bd3 b5 25. Qb3 Qd6 26. a4 Bd7 27. axb5 axb5 28. Rc1 Ne7 29. Nge2 Nc8 30. e4 dxe4 31. Nxe4 Nxe4+ 32. Bxe4 Kb6 33. Rc5 Ra4 34. Rxg5 Rb4 35. Qa3 Rxd4+ 36. Nxd4 Qxd4+ 37. Qd3 Qxf2+ 38. Kd1 Be6 39. Bxc6 Nd6 40. Rg2 Qc5 41. Bf3 Bf5 42. Qc3 Nc4 43. Qf6+ Ka5 44. b4+ Kxb4 45. Ke1 Qe3+ 46. Be2 Qc1+ 47. Kf2 Qe3+ 48. Ke1 Be4 49. Qe7+ Kc3 50. Rg7 Qc1+ 51. Kf2 Qe3+ 52. Ke1 Qc1+ 53. Kf2 Qe3+ 54. Ke1 1/2-1/2


[Site "https://www.chess.com"]

[Event "Titled Tuesday Blitz January 10 Early 2023"]
[White "Sarana, Alexey"]
[Black "Kosakowski, Jakub"]
[WhiteFideId "24133795"]
[BlackFideId "1185080"]
[WhiteElo "2685"]
[BlackElo "2485"]
[Result "1-0"]
[Round "07"]
[TimeControl "180+2"]
[Date "2023.01.10"]
[WhiteClock "0:00:10"]
[BlackClock "0:00:20"]

1. c4 e6 2. Nc3 d5 3. d4 Bb4 4. e3 Nf6 5. a3 Bxc3+ 6. bxc3 c6 7. f3 O-O 8. Bd3 Nbd7 9. Ne2 e5 10. cxd5 cxd5 11. O-O Re8 12. Ng3 b6 13. e4 Bb7 14. Re1 Qc7 15. Bb2 Rad8 16. Rc1 Qb8 17. Qd2 Nf8 18. exd5 Nxd5 19. c4 Nf4 20. d5 Bxd5 21. cxd5 Rxd5 22. Re3 Red8 23. Rc3 Qd6 24. Ne4 Qd7 25. Nf2 N8e6 26. Qc2 Nc5 27. Bxh7+ Kh8 28. Bf5 Qe7 29. g3 Rd2 30. Qb1 Ne2+ 31. Kg2 Nxc3 32. Bxc3 R2d5 33. Qe1 Qg5 34. Bc2 Ne6 35. Re4 Rc5 36. Rg4 Qe7 37. Qe4 g6 38. Bxe5+ Kg8 39. Rh4 Ng7 40. Rh8+ 1-0


[Site "https://www.chess.com"]

[Event "Titled Tuesday Blitz January 10 Early 2023"]
[White "Stribuk, Artiom"]
[Black "Nepomniachtchi, Ian"]
[WhiteFideId "13515659"]
[BlackFideId "4168119"]
[WhiteElo "2378"]
[BlackElo "2794"]
[Result "0-1"]
[Round "07"]
[TimeControl "180+2"]
[Date "2023.01.10"]
[WhiteClock "0:00:02"]
[BlackClock "0:00:56"]

1. d4 Nf6 2. c4 e6 3. g3 d5 4. Bg2 dxc4 5. Nf3 c5 6. O-O Nc6 7. Qa4 Bd7 8. Qxc4 b5 9. Qd3 c4 10. Qc2 Be7 11. a3 O-O 12. Nc3 Rb8 13. Rd1 a5 14. e4 b4 15. Na4 Qe8 16. Nc5 Nxd4 17. Rxd4 Bxc5 18. Rxc4 Be7 19. Bf4 Rb7 20. Ne5 Ba4 21. Qd2 Bb5 22. Rc2 Nd7 23. Nc6 Bxc6 24. Rxc6 Nc5 25. Rxc5 Bxc5 26. axb4 Bxb4 27. Qe2 Qe7 28. Be5 Rd8 29. Bf1 h6 30. Rc1 Bc5 31. h4 Bd4 32. Bxd4 Rxd4 33. Rc8+ Rd8 34. Rc2 Qb4 35. e5 Qd4 36. Qa6 Rxb2 37. Rxb2 Qxb2 38. Qxa5 Qd4 39. h5 Qd5 40. Qxd5 Rxd5 41. f4 Rc5 42. Be2 Kf8 43. Kf2 Rc3 44. g4 Ke7 45. Ke1 Ra3 46. Kd2 f6 47. exf6+ Kxf6 48. Bd3 e5 49. fxe5+ Kxe5 50. Bf5 Kf4 51. Ke2 Rg3 0-1


[Site "https://www.chess.com"]

[Event "Titled Tuesday Blitz January 10 Early 2023"]
[White "Salem, A.R. Saleh"]
[Black "Harsh Suresh"]
[WhiteFideId "9301348"]
[BlackFideId "45018464"]
[WhiteElo "2677"]
[BlackElo "2298"]
[Result "1-0"]
[Round "07"]
[TimeControl "180+2"]
[Date "2023.01.10"]
[WhiteClock "0:01:02"]
[BlackClock "0:00:02"]

1. d4 Nf6 2. c4 e6 3. Nc3 Bb4 4. e3 O-O 5. Bd3 b6 6. Nf3 Re8 7. e4 c5 8. e5 Ng4 9. Bxh7+ Kh8 10. Ng5 Nh6 11. Qh5 Qe7 12. a3 Ba5 13. Nxf7+ Qxf7 14. Bg6 Qf8 15. b4 cxb4 16. Ne4 b3+ 17. Ke2 Nc6 18. Rd1 Ba6 19. Nd6 Bc3 20. Nf7+ Kg8 21. Nxh6+ gxh6 22. Bxh6 Bxc4+ 23. Ke3 Qe7 24. Bg5 Qg7 25. Bf6 b2 26. Bxg7 Kxg7 27. Qh7+ Kf8 28. Qf7# 1-0


[Site "https://www.chess.com"]

[Event "Titled Tuesday Blitz January 10 Early 2023"]
[White "Anton Guijarro, David"]
[Black "Galchenko, Matvey"]
[WhiteFideId "2285525"]
[BlackFideId "24175480"]
[WhiteElo "2690"]
[BlackElo "2438"]
[Result "1-0"]
[Round "07"]
[TimeControl "180+2"]
[Date "2023.01.10"]
[WhiteClock "0:00:21"]
[BlackClock "0:00:02"]

1. Nf3 c5 2. e3 Nf6 3. d4 g6 4. dxc5 Qa5+ 5. Nbd2 Qxc5 6. a3 Qc7 7. b4 a5 8. Bb2 Bg7 9. Be2 O-O 10. c4 b6 11. O-O Bb7 12. Nd4 Nc6 13. Nb5 Qb8 14. Qb3 Rd8 15. Rfd1 d6 16. h3 Qc8 17. Rac1 Qf5 18. Bf3 Rac8 19. Na7 Rc7 20. Nxc6 Bxc6 21. Bd4 Bxf3 22. Nxf3 Nd7 23. Bxg7 Kxg7 24. Nd4 Qh5 25. Nb5 Rcc8 26. Nc3 Qe5 27. Rd4 Nf6 28. Rcd1 Rc6 29. Rf4 Rdc8 30. g4 Qe6 31. Nd5 b5 32. cxb5 Rc1 33. Rd4 a4 34. Qd3 Rxd1+ 35. Qxd1 Nd7 36. Qxa4 Ne5 37. Qd1 Rb8 38. b6 Qd7 39. a4 e6 40. Nc3 Rxb6 41. Nb5 d5 42. f4 Nc6 43. Rd2 Nxb4 44. Qa1+ Kg8 45. Qd4 Rxb5 46. axb5 Qxb5 47. Rb2 Qe2 48. Rxe2 1-0


[Site "https://www.chess.com"]

[Event "Titled Tuesday Blitz January 10 Early 2023"]
[White "Demchenko, Anton"]
[Black "Paravyan, David"]
[WhiteFideId "4160258"]
[BlackFideId "4194985"]
[WhiteElo "2623"]
[BlackElo "2601"]
[Result "1-0"]
[Round "07"]
[TimeControl "180+2"]
[Date "2023.01.10"]
[WhiteClock "0:00:03"]
[BlackClock "0:00:02"]

1. e4 e5 2. Nf3 Nf6 3. Nxe5 d6 4. Nf3 Nxe4 5. Nc3 Nxc3 6. dxc3 Be7 7. Bf4 O-O 8. Qd2 Bg4 9. O-O-O Nd7 10. h3 Bxf3 11. gxf3 Ne5 12. Be2 Bh4 13. Be3 Re8 14. f4 Nc6 15. Rhg1 Ne7 16. Qd3 Qd7 17. Bg4 Qa4 18. Kb1 Rad8 19. Bf3 Bf6 20. h4 d5 21. h5 Kh8 22. h6 g6 23. b3 Qa5 24. Bd4 Ng8 25. Rg5 c5 26. Bxf6+ Nxf6 27. f5 Qc7 28. Rdg1 Qf4 29. fxg6 fxg6 30. Bxd5 b5 31. c4 bxc4 32. Qxc4 Nxd5 33. Rxd5 Qxc4 34. bxc4 Kg8 35. Rxc5 Re2 36. Rc7 Rdd2 37. Rg7+ Kf8 38. Rc1 1-0


[Site "https://www.chess.com"]

[Event "Titled Tuesday Blitz January 10 Early 2023"]
[White "Puranik, Abhimanyu"]
[Black "Gareyev, Timur"]
[WhiteFideId "5061245"]
[BlackFideId "14200937"]
[WhiteElo "2613"]
[BlackElo "2617"]
[Result "0-1"]
[Round "07"]
[TimeControl "180+2"]
[Date "2023.01.10"]
[WhiteClock "0:00:25"]
[BlackClock "0:00:34"]

1. e4 e5 2. Nf3 Nc6 3. Bb5 f5 4. d3 fxe4 5. dxe4 Nf6 6. Nc3 Bb4 7. Qd3 d6 8. O-O Bxc3 9. Qxc3 Bd7 10. Re1 O-O 11. Be3 Kh8 12. Bd3 Ng4 13. h3 Nxe3 14. Rxe3 Rf4 15. Rf1 Qf6 16. Nh2 Rf8 17. Qd2 Nd4 18. c3 Ne6 19. g3 Qg6 20. Kh1 R4f6 21. h4 Nc5 22. Kg2 Rf4 23. Kh1 Bh3 24. h5 Qg5 25. Rf3 Bxf1 26. Bxf1 Nxe4 27. Qe3 Rxf3 0-1


[Site "https://www.chess.com"]

[Event "Titled Tuesday Blitz January 10 Early 2023"]
[White "Tomashevsky, Evgeny"]
[Black "Urazayev, Arystanbek"]
[WhiteFideId "4147235"]
[BlackFideId "13709810"]
[WhiteElo "2694"]
[BlackElo "2460"]
[Result "0-1"]
[Round "07"]
[TimeControl "180+2"]
[Date "2023.01.10"]
[WhiteClock "0:00:31"]
[BlackClock "0:00:37"]

1. e4 c5 2. Nf3 e6 3. d4 cxd4 4. Nxd4 Nf6 5. Nc3 Nc6 6. Ndb5 Bc5 7. Bf4 O-O 8. Bc7 Qe7 9. Bd6 Bxd6 10. Qxd6 Qd8 11. O-O-O a6 12. Nd4 Ne7 13. Be2 b5 14. e5 Ne8 15. Qb4 Ng6 16. Bf3 Rb8 17. Qc5 Qg5+ 18. Kb1 Qxe5 19. Nb3 Qxc5 20. Nxc5 d6 21. Nd3 Bb7 22. Bxb7 Rxb7 23. Rhe1 Nf6 24. a4 bxa4 25. Nxa4 Rc8 26. b3 h6 27. Kb2 Nh4 28. g3 Nf3 29. Rh1 Ne4 30. h4 d5 31. Ra1 f6 32. h5 Kf7 33. g4 e5 34. Rh3 Nd4 35. Rc1 Ne6 36. Rhh1 Nd6 37. Rhd1 e4 38. Ne1 d4 39. Ka2 Nb5 40. Rd2 Nc3+ 41. Nxc3 Rxc3 42. Kb2 Rcc7 43. Ra1 Rb6 44. Ra5 Rcb7 45. Kc1 d3 46. cxd3 Nd4 0-1


[Site "https://www.chess.com"]

[Event "Titled Tuesday Blitz January 10 Early 2023"]
[White "Bryakin, Mikhail"]
[Black "Svidler, Peter"]
[WhiteFideId "4165314"]
[BlackFideId "4102142"]
[WhiteElo "2455"]
[BlackElo "2683"]
[Result "1/2-1/2"]
[Round "07"]
[TimeControl "180+2"]
[Date "2023.01.10"]
[WhiteClock "0:00:10"]
[BlackClock "0:00:12"]

1. d4 Nf6 2. Nc3 d5 3. Bf4 a6 4. e3 Bf5 5. Nf3 e6 6. Ne5 h6 7. g4 Bh7 8. h4 Nfd7 9. Bd3 Bxd3 10. Qxd3 c5 11. O-O-O Nxe5 12. Bxe5 Nc6 13. Bg3 c4 14. Qf1 Bb4 15. Ne2 Qa5 16. a3 c3 17. bxc3 Bxa3+ 18. Kd2 Qd8 19. Nf4 Na5 20. g5 Nc4+ 21. Ke2 hxg5 22. hxg5 Rxh1 23. Qxh1 Qxg5 24. f3 Qe7 25. Qh8+ Qf8 26. Qh7 O-O-O 27. Nd3 g6 28. Rh1 Qe7 29. Bh4 g5 30. Bg3 Bd6 31. Bf2 Kb8 32. Qg7 Ka7 33. Rh7 Rd7 34. Rh8 f5 35. Qg8 Kb6 36. e4 fxe4 37. fxe4 Kb5 38. e5 Bc7 39. Nc5 Rd8 40. Rh7 Qxc5 41. Qxd8 Bxd8 42. dxc5 Nxe5 43. Rxb7+ Kc6 44. Ra7 a5 45. Ra6+ Kd7 46. Ra7+ Kc6 47. Ra6+ Kd7 48. Ra7+ Kc6 1/2-1/2


[Site "https://www.chess.com"]

[Event "Titled Tuesday Blitz January 10 Early 2023"]
[White "Bachmann, Axel"]
[Black "Zemlyanskii, Ivan"]
[WhiteFideId "3700488"]
[BlackFideId "24249971"]
[WhiteElo "2604"]
[BlackElo "2300"]
[Result "1-0"]
[Round "07"]
[TimeControl "180+2"]
[Date "2023.01.10"]
[WhiteClock "0:00:25"]
[BlackClock "0:00:03"]

1. e4 c5 2. Nf3 e6 3. d4 cxd4 4. Nxd4 Nf6 5. Nc3 Nc6 6. Nxc6 bxc6 7. Bd3 d5 8. O-O Be7 9. e5 Nd7 10. Qg4 g6 11. Qg3 Qc7 12. Re1 Bb7 13. Na4 c5 14. c4 d4 15. b3 Bc6 16. Be4 Bxe4 17. Rxe4 O-O 18. Bh6 Rfd8 19. Rae1 Bf8 20. Bxf8 Nxf8 21. h4 h5 22. Nb2 Qa5 23. Nd3 Qxa2 24. Nf4 Kh7 25. Qf3 Kg8 26. Nxh5 gxh5 27. Qxh5 d3 28. Rg4+ Ng6 29. Rxg6+ fxg6 30. Qxg6+ Kh8 31. Qh6+ Kg8 32. Qxe6+ Kh7 33. Qf7+ Kh8 34. Qh5+ Kg7 35. Re3 Qb1+ 36. Kh2 d2 37. Rg3+ Kf8 38. Rf3+ Kg8 39. Rg3+ Kf8 40. Qh6+ Ke7 41. Rg7+ Ke8 42. Qe6+ Kf8 43. Qf7# 1-0


[Site "https://www.chess.com"]

[Event "Titled Tuesday Blitz January 10 Early 2023"]
[White "Xu, Yi"]
[Black "Putnam, Liam"]
[WhiteFideId "8605564"]
[BlackFideId "30938279"]
[WhiteElo "2527"]
[BlackElo "2285"]
[Result "1-0"]
[Round "07"]
[TimeControl "180+2"]
[Date "2023.01.10"]
[WhiteClock "0:00:41"]
[BlackClock "0:00:06"]

1. e4 c5 2. Nf3 e6 3. d4 cxd4 4. Nxd4 Nc6 5. Nc3 Qc7 6. Be3 a6 7. g4 b5 8. Nxc6 dxc6 9. Qf3 e5 10. O-O-O Bb4 11. Qg3 Bxc3 12. bxc3 Nf6 13. Bc5 Nxe4 14. Qe3 Nxc5 15. Qxc5 Bxg4 16. Bg2 Rc8 17. Rhe1 Bxd1 18. Rxe5+ Kd8 19. Re4 Qd7 20. Bh3 Qb7 21. Qd6+ 1-0


[Site "https://www.chess.com"]

[Event "Titled Tuesday Blitz January 10 Early 2023"]
[White "Zhigalko, Sergei"]
[Black "Avila Pavas, Santiago"]
[WhiteFideId "13502956"]
[BlackFideId "4437128"]
[WhiteElo "2572"]
[BlackElo "2522"]
[Result "0-1"]
[Round "07"]
[TimeControl "180+2"]
[Date "2023.01.10"]
[WhiteClock "0:00:01"]
[BlackClock "0:00:06"]

1. e4 Nf6 2. e5 Nd5 3. Nf3 d6 4. d4 g6 5. Bc4 Nb6 6. Bb3 Bg7 7. Qe2 O-O 8. h3 c5 9. dxc5 dxc5 10. O-O c4 11. Bxc4 Nxc4 12. Qxc4 Nc6 13. Re1 Bf5 14. Qe2 Qb6 15. c3 Rfd8 16. Be3 Qa5 17. Bf4 Qb6 18. b3 Qa5 19. b4 Qa4 20. Nbd2 Bd3 21. Qe3 Bc2 22. Bh6 Rd3 23. Qf4 Rxc3 24. Ng5 Bf5 25. Bxg7 Kxg7 26. g4 Be6 27. a3 Rd8 28. Ndf3 h6 29. Nxe6+ fxe6 30. Re3 Rxe3 31. Qxe3 Qc2 32. Re1 Rd3 33. Qf4 Qc3 0-1


[Site "https://www.chess.com"]

[Event "Titled Tuesday Blitz January 10 Early 2023"]
[White "Svane, Frederik"]
[Black "Goltsev, Dmitry"]
[WhiteFideId "12923044"]
[BlackFideId "24176710"]
[WhiteElo "2600"]
[BlackElo "2269"]
[Result "1-0"]
[Round "07"]
[TimeControl "180+2"]
[Date "2023.01.10"]
[WhiteClock "0:00:48"]
[BlackClock "0:01:17"]

1. e4 e6 2. d4 d5 3. Nd2 c5 4. exd5 exd5 5. Ngf3 Nf6 6. Bb5+ Nc6 7. O-O Be7 8. dxc5 Bxc5 9. Nb3 Bb6 10. Re1+ Ne4 11. Be3 O-O 12. h3 Be6 13. Bd3 Re8 14. c3 Bf5 15. Qc2 h6 16. Rad1 Qc7 17. Bxb6 Qxb6 18. Nbd4 Bg6 19. Qb3 Nxd4 20. Nxd4 Nc5 21. Qxb6 Rxe1+ 22. Rxe1 axb6 23. Bxg6 fxg6 24. a3 Na4 25. Re2 Kf8 26. Kf1 Re8 27. Rd2 Nc5 28. Nc2 Na4 29. Ne3 Rd8 30. Ke2 Kf7 31. Rxd5 Rxd5 32. Nxd5 Nxb2 33. Nxb6 Ke6 34. Kd2 Kd6 35. Kc2 Kc6 36. Kxb2 Kxb6 37. c4 Ka5 38. Kb3 b6 39. a4 g5 40. g4 g6 41. Ka3 h5 42. Kb3 h4 43. Ka3 Ka6 44. Kb4 Ka7 45. Kb5 Kb8 46. Kxb6 1-0


[Site "https://www.chess.com"]

[Event "Titled Tuesday Blitz January 10 Early 2023"]
[White "Murzin, Volodar"]
[Black "Rozman, Levy"]
[WhiteFideId "44155573"]
[BlackFideId "2039877"]
[WhiteElo "2604"]
[BlackElo "2322"]
[Result "1-0"]
[Round "07"]
[TimeControl "180+2"]
[Date "2023.01.10"]
[WhiteClock "0:00:13"]
[BlackClock "0:00:15"]

1. e4 e6 2. d3 d5 3. Qe2 Nc6 4. Nf3 e5 5. exd5 Qxd5 6. Nc3 Bb4 7. Bd2 Bxc3 8. Bxc3 f6 9. Qe4 Nge7 10. Be2 Be6 11. Qxd5 Nxd5 12. Nd2 O-O-O 13. Bf3 Rhe8 14. O-O-O Nxc3 15. bxc3 Bd5 16. Rhe1 Bxf3 17. Nxf3 Rd7 18. g4 Re6 19. h4 h6 20. h5 Ne7 21. c4 Ra6 22. Kb2 Rdd6 23. Nd2 Rdb6+ 24. Nb3 Nc6 25. f4 Kd8 26. Re4 Rb4 27. fxe5 Nxe5 28. Kc3 Rbb6 29. d4 Nf7 30. Rde1 Nd6 31. Re7 Rxa2 32. c5 Rc6 33. Kd3 a5 34. d5 Ra6 35. cxd6 Rxd6 36. Re8+ 1-0


[Site "https://www.chess.com"]